 Dungeon Crawl Stone Soup version 0.30.1-4-g462c640d31 (webtiles) character file.

Game seed: 12976238964656444917

395 VinnieRosedale the Twirler (level 6, -2/51 HPs)
             Began as a Draconian Gladiator on Aug 22, 2023.
             Shot with an arrow by a centaur (11 damage)
             ... on level 6 of the Dungeon.
             The game lasted 00:04:51 (1659 turns).

VinnieRosedale the Twirler (Draconian Gladiator)    Turns: 1659, Time: 00:04:52

Health: -2/51      AC:  7    Str: 15 (16) XL:     6   Next: 52%
Magic:  6/6        EV: 12    Int: 10 (11) God:
Gold:   76         SH:  0    Dex:  9 (12) Spells: 5/5 levels left

rFire   + . .        a - +0 quarterstaff
rCold   + . .        (shield currently unavailable)
rNeg    . . .        (body armour unavailable)
rPois   +            b - +1 hat
rElec   +            (no cloak)
rCorr   +            (no gloves)
SInv    .            (no boots)
Will    .....        (no amulet)
Stlth   +            (no ring)
HPRegen 0.28/turn    (no ring)
MPRegen 0.10/turn

%: no passive effects
@: brilliant, resistant
A: AC +6, unfitting armour, cold-blooded
a: no special abilities


You were on level 6 of the Dungeon.
You visited 1 branch of the dungeon, and saw 6 of its levels.

You collected 76 gold pieces.

Inventory:

Hand Weapons
 a - a +0 quarterstaff (weapon)
Missiles
 c - 2 throwing nets (quivered)
 d - a javelin
 m - 5 boomerangs
Armour
 b - a +1 hat (worn)
Jewellery
 f - a +6 ring of dexterity
Scrolls
 j - a scroll of noise
 k - a scroll of enchant weapon {unknown}


   Skills:
 * Level 3.5 Fighting
 * Level 1.7(3.6) Polearms
 * Level 5.0(5.2) Staves
 * Level 2.5 Throwing
 * Level 3.9 Dodging
 * Level 1.5 Stealth


You had 5 spell levels left.
You didn't know any spells.
Your spell library was empty.

Dungeon Overview and Level Annotations

Branches:
Dungeon (6/15)             Temple (0/1) D:6

Altars:
Okawaru
Zin


Innate Abilities, Weirdness & Mutations

Your plain brown scales are hard. (AC +6)
You cannot fit into any form of body armour.
You are cold-blooded and may be slowed by cold attacks.


Message History

The centaur barely misses you.
You barely miss the orc.
Your tail-slap misses the orc.
The orc is lightly wounded.
The centaur hits you. The centaur barely misses you.
The orc closely misses you. The centaur barely misses you.
The centaur kicks you but does no damage.
The orc misses you.
You thump the orc!
You kill the orc!
The centaur barely misses you.
The centaur kicks you but does no damage.
The centaur hits you. The centaur completely misses you.
The centaur hits you but does no damage.
The centaur kicks you but does no damage.
There is a stone staircase leading down here.
Items here: ) [ ††.
The centaur hits you.
* * * LOW HITPOINT WARNING * * *
The centaur misses you.
You climb downwards.
There is a stone staircase leading up here.
As you read the scroll of fear, it crumbles to dust.
You assume a fearsome visage.
The centaur looks frightened! x2
The centaur wails, "Help!"
The centaur blubbers, "Eeeeekkkk!"
The centaur wields a +0 shortbow.
The centaur shoots an arrow.
The arrow closely misses you.
The centaur shoots an arrow.
The arrow closely misses you.
The centaur shoots an arrow.
The arrow hits you.
* * * LOW HITPOINT WARNING * * *
The centaur shoots an arrow.
The arrow hits you!
* * * LOW HITPOINT WARNING * * *
The centaur shoots an arrow.
The arrow misses you.
It was a potion of brilliance.
You feel clever all of a sudden.
It was a potion of resistance.
You feel protected.
Found a staircase to the Ecumenical Temple.
The centaur shoots an arrow.
The arrow hits you!
You die...

...........<#
...#......#
.#.##.#......#
......c......#
.##.#.#......#
......#.######
........#
.#......######
........@....#
...##........#
.. #........#
. ..........#
...##.......#
...##.......#
............#
>....##.....


You could see a centaur.

Vanquished Creatures
  4 scorpions
  A jelly (D:4)
  A hound (D:4)
  An iguana (D:4)
  4 adders
  A worm (D:2)
  A dart slug (D:4)
  4 orcs
  2 endoplasms (D:2)
  A giant cockroach (D:1)
  4 hobgoblins
  3 jackals (D:4)
  3 quokkas
  2 bats
  3 frilled lizards
  A goblin (D:1)
  5 kobolds
41 creatures vanquished.

Notes
Turn   | Place    | Note
-------+----------+-------------------------------------------
     0 | D:1      | VinnieRosedale the Draconian Gladiator began the quest for
                  | the Orb.
     0 | D:1      | Reached XP level 1. HP: 17/17 MP: 1/1
   412 | D:1      | Reached XP level 2. HP: 23/24 MP: 2/2
  1003 | D:2      | Reached XP level 3. HP: 22/30 MP: 3/3
  1042 | D:3      | You fall into a shaft and drop 1 floor!
  1042 | D:4      | Found an iron altar of Okawaru.
  1048 | D:4      | Reached XP level 4. HP: 35/37 MP: 4/4
  1175 | D:4      | Reached skill level 1 in Polearms
  1215 | D:4      | Noticed a scorpion
  1234 | D:4      | Reached skill level 4 in Staves
  1234 | D:4      | Reached skill level 1 in Stealth
  1262 | D:4      | Killed a scorpion
  1263 | D:4      | Reached XP level 5. HP: 45/45 MP: 5/5
  1363 | D:4      | Found a glowing silver altar of Zin.
  1380 | D:4      | Reached XP level 6. HP: 27/51 MP: 6/6
  1459 | D:5      | Entered Level 5 of the Dungeon
  1477 | D:5      | Reached skill level 5 in Staves
  1659 | D:6      | Found a staircase to the Ecumenical Temple.
  1659 | D:6      | Shot with an arrow by a centaur

Illustrated notes

Levels and vault maps discovered:
D:1:      lightli_arrival_noodles, layout_basic
D:2:      layout_basic, serial_shops, shop, hex_intersection,
          grunt_ministairs_6, kennysheep_another_room, minmay_vboxes
D:3:      layout_basic
D:4:      layout_loops_ring, zin_statuary,
          mainiacjoe_overflow_concentric_impassable
D:5:      lemuel_ice_spiral_2, layout_basic, sword_in_stone, uniq_eustachio
D:6:      layout_basic, nicolae_overflow_hidden_temple,
          minmay_temple_entry_stoned_glass

Skill      XL: |  1  2  3  4  5  6 |
---------------+-------------------+-----
Dodging        | 3 |  3.9
Throwing       | 2 |  2.5
Polearms       | 1 |  1.7
Fighting       | 3 |  3.5
Staves         | 4 5 |  5.0
Stealth        | 1 |  1.5

Action                     |  1- 3 |  4- 6 || total
---------------------------+-------+-------++-------
  Melee: Quarterstaff      |    70 |    86 ||   156
         Tailslap          |     8 |     7 ||    15
  Throw: Boomerang         |     3 |       ||     3
         Throwing net      |       |     1 ||     1
    Use: Scroll            |     1 |     6 ||     7
         Potion            |       |     5 ||     5
 Armour: Skin              |    23 |    48 ||    71
  Dodge: Dodged            |    30 |   104 ||   134
